 Dungeon Crawl Stone Soup version 0.30-a0-1093-gcfb1e0cf12 (webtiles) character file.

Game seed: 4167465879473434462

365 Ijustatesigmund the Conjurer (level 6, 0/32 HPs)
             Began as a Deep Elf Conjurer on Apr 17, 2023.
             Slain by a gnoll
             ... wielding a +3 flail
              (12 damage)
             ... on level 3 of the Dungeon.
             The game lasted 00:07:03 (3903 turns).

Ijustatesigmund the Conjurer (Deep Elf Conjurer)    Turns: 3903, Time: 00:07:03

Health: 0/32       AC:  5    Str:  4    XL:     6   Next: 40%
Magic:  8/14       EV: 12    Int: 25    God:
Gold:   140        SH:  0    Dex: 13    Spells: 7/14 levels left

rFire   . . .      SeeInvis .    c - +0 sling
rCold   . . .      Faith    .    (no shield)
rNeg    . . .      Spirit   .    a - +0 robe
rPois   .          Reflect  .    l - +0 helmet
rElec   .          Rampage  .    (no cloak)
rCorr   .                        g - +1 pair of gloves
Will    .....                    (no boots)
Stlth   ++                       (no amulet)
HPRegen 0.25/turn                (no ring)
MPRegen 0.14/turn                (no ring)

@: no status effects
A: no striking features
a: no special abilities


You were on level 3 of the Dungeon.
You visited 1 branch of the dungeon, and saw 4 of its levels.

You collected 140 gold pieces.

Inventory:

Hand Weapons
 c - a +0 sling (weapon)
Armour
 a - a +0 robe (worn)
 g - a +1 pair of gloves (worn)
 l - a +0 helmet (worn)
Scrolls
 d - a scroll of teleportation
 e - 2 scrolls of fear
 h - a scroll of identify
Potions
 b - a potion of magic
 f - a potion of cancellation {unknown}
 i - a potion of brilliance


   Skills:
 - Level 3.1 Ranged Weapons
 - Level 2.4 Dodging
 - Level 2.4 Stealth
 + Level 4.5 Spellcasting
 + Level 5.2 Conjurations
 + Level 5.0 Translocations


You had 7 spell levels left.
You knew the following spells:

 Your Spells              Type           Power      Damage    Failure   Level
a - Magic Dart            Conj           100%       1d8       1%          1
b - Searing Ray           Conj           64%        2d6       1%          2
c - Iskenderun's Mystic   Conj/Tloc      31%        2d8       11%         4

Your spell library contained the following spells:

 Spells                   Type           Power      Damage    Failure   Level
 Shock                    Conj/Air       72%        1d7       3%          1
 Necrotise                Necr           20%        1d5       9%          1
 Dazzling Flash           Conj/Hex       36%        N/A       9%          3
 Portal Projectile        Hex/Tloc       36%        N/A       10%         3
 Swiftness                Air            5%         N/A       26%         3
 Tukima's Dance           Hex            5%         N/A       26%         3
 Vampiric Draining        Necr           5%         2d6       26%         3
 Fulminant Prism          Conj/Hex       9%         3d7       28%         4
 Airstrike                Air            2%         2d(1-17)  65%         4
 Agony                    Necr           5%         N/A       94%         5
 Blade Hands              Tmut           2%         N/A       94%         5


Dungeon Overview and Level Annotations

Branches:
Dungeon (4/15)
 Temple: D:4-7

Altars:
Kikubaaqudgha
Wu Jian

Annotations:
D:2 Sigmund


Message History

You start resting.
Magic restored.
You start resting.
HP restored.
You climb downwards.
A gnoll comes into view. It is wielding a +3 flail.
The gnoll misses you.
There is a stone staircase leading up, spattered with blood here.
Casting: Searing Ray (safe; 1% risk of failure)
Confirm with . or Enter, or press ? or * to list all spells.
Aiming: Searing Ray (safe; 1% risk of failure)
Press: ? - help, Shift-Dir - straight line, f - gnoll
Aim: a gnoll, wielding a +0 spear (82% to hit)
The searing ray hits the gnoll.
The gnoll is moderately wounded. (Press . to maintain the ray.)
The gnoll shouts!
You hear an angry hiss.
The gnoll hits you from afar with a +0 spear.
The searing ray hits the gnoll.
The gnoll is heavily wounded.
The gnoll hits you but does no damage.
The searing ray hits the gnoll!
You kill the gnoll!
The gnoll hits you with a +3 flail! The ball python barely misses you.
The ball python completely misses you.
You climb upwards.
There is a stone staircase leading down here.
Casting: Searing Ray (safe; 1% risk of failure)
Confirm with . or Enter, or press ? or * to list all spells.
Aiming: Searing Ray (safe; 1% risk of failure)
Press: ? - help, Shift-Dir - straight line, f - gnoll
Aim: a gnoll, wielding a +3 flail (83% to hit)
The searing ray hits the gnoll.
The gnoll is lightly wounded. (Press . to maintain the ray.)
The gnoll hits you with a +3 flail!
The searing ray hits the gnoll.
The gnoll is heavily wounded.
The gnoll hits you with a +3 flail!
You die...

##.#.##.#######.##
#.#.....# #......# ##
##...#### #.###..###.
##.## #.......... #.#
####.###......
####)####.....##......
#...)...........#.....
#.##)####.....#.##.##.
#.#.g@###.#...........
#....)...###..........
#.....###.#.###.##.###
##.#.## ##.## #)##.###
#.#.#####.####.......
#.#............##.###
#.#######.####.##.###
#[# #..........<. #.#
######.#.####


You could see a gnoll.

Vanquished Creatures
  2 phantoms (D:4)
  A hound (D:3)
  2 orc priests (D:3)
  2 adders (D:4)
  6 gnolls
  A worm (D:3)
  4 orcs
  2 ball pythons
  5 endoplasms
  2 giant cockroaches
  8 goblins
  2 hobgoblins
  5 kobolds
  3 quokkas
  2 bats (D:1)
  4 rats
51 creatures vanquished.

Notes
Turn   | Place    | Note
-------+----------+-------------------------------------------
     0 | D:1      | Ijustatesigmund the Deep Elf Conjurer began the quest for
                  | the Orb.
     0 | D:1      | Reached XP level 1. HP: 10/10 MP: 6/6
   366 | D:1      | Reached skill level 1 in Ranged Weapons
   395 | D:1      | Reached XP level 2. HP: 14/15 MP: 5/8
  1078 | D:2      | Noticed Sigmund
  1383 | D:2      | Learned a level 2 spell: Searing Ray
  1869 | D:3      | Reached XP level 3. HP: 19/19 MP: 10/10
  1915 | D:3      | You fall into a shaft and drop 1 floor!
  1963 | D:4      | Noticed a phantom
  1970 | D:4      | Killed a phantom
  1971 | D:4      | Reached skill level 5 in Conjurations
  1971 | D:4      | Reached XP level 4. HP: 24/24 MP: 6/12
  1976 | D:4      | Learned a level 4 spell: Iskenderun's Mystic Blast
  2145 | D:3      | Reached skill level 1 in Translocations
  2145 | D:3      | Reached XP level 5. HP: 27/28 MP: 2/13
  2847 | D:3      | Found an ancient bone altar of Kikubaaqudgha.
  3081 | D:3      | Found an ornate altar of the Wu Jian Council.
  3335 | D:4      | Noticed a phantom
  3343 | D:4      | Killed a phantom
  3344 | D:4      | Reached XP level 6. HP: 32/32 MP: 2/14
  3764 | D:4      | Reached skill level 5 in Translocations
  3903 | D:3      | Slain by a gnoll

Illustrated notes

Levels and vault maps discovered:
D:1:      mushboom_english_gardens, layout_basic, roderic_roman_lattice,
          minmay_stone_trees_large, chequers_big_river
D:2:      layout_rooms, uniq_sigmund
D:3:      layout_loops_ring, old_standard_altar,
          pdpol_wu_jian_five_deadly_venoms, serial_park_tiny_2
D:4:      layout_loops_cross, ashenzari_altar_1, minmay_checkerbox

Skill      XL: |  1  2  3  4  5  6 |
---------------+-------------------+-----
Ranged Weapons | 1 2 3 |  3.1
Spellcasting   | 4 |  4.5
Conjurations   | 5 |  5.2
Translocations | 1 4 5 |  5.0
Dodging        | |  2.4
Stealth        | |  2.4

Action                     |  1- 3 |  4- 6 || total
---------------------------+-------+-------++-------
  Melee: Sling             |       |     4 ||     4
   Fire: Sling             |    41 |    32 ||    73
   Cast: Magic Dart        |    28 |    10 ||    38
         Searing Ray       |     2 |    22 ||    24
    Use: Scroll            |       |     7 ||     7
         Potion            |       |     1 ||     1
 Armour: Robe              |     4 |    10 ||    14
  Dodge: Dodged            |    13 |    26 ||    39

Table legend: (Time is in decaauts)
 A = Elapsed time spent in this place.
 B = Non-inter-level travel time spent in this place.
 C = Inter-level travel time spent in this place.
 D = Time resting spent in this place.
 E = Time spent auto-exploring this place.
 F = Levels seen in this place.
 G = Mean time per level.
                   A        B        C        D        E       F      G
               +--------+--------+--------+--------+--------+-----+--------+
         Total |   3953 |   3839 |    114 |   1250 |   2151 |   4 |  988.2 |
       Dungeon |   3953 |   3839 |    114 |   1250 |   2151 |   4 |  988.2 |
               +--------+--------+--------+--------+--------+-----+--------+

Top non-repeatable levels by time:
     D:1: 1566 daAuts
     D:3: 1303 daAuts
     D:4: 1038 daAuts
     D:2: 45 daAuts
